 Dungeon Crawl Stone Soup version 0.17-a0-1407-gde22cd8 (webtiles) character file.

44 Geeful the Insei (level 3, -2/23 HPs)
             Began as an Octopode Transmuter on June 22, 2015.
             Killed from afar by a white imp (6 damage)
             ... with a puff of frost
             ... summoned by Natasha
             ... on level 2 of the Dungeon.
             The game lasted 00:04:22 (1939 turns).

Geeful the Insei (Octopode Transmuter)              Turns: 1939, Time: 00:04:22

Health: -2/23      AC:  1    Str:  9    XL:     3   Next: 60%
Magic:  5/6        EV:  7    Int: 15    God:
Gold:   94         SH:  0    Dex: 13    Spells: 2 memorised, 3 levels left

rFire  . . .     SeeInvis +       - Unarmed
rCold  . . .     Clarity  .     (no shield)
rNeg   . . .     SustAt   .     (helmet restricted)
rPois  .         Gourm    .     g - amulet of rage (curse)
rElec  .         Spirit   .     h - ring of see invisible
rCorr  .         Warding  .     (no ring)
rMut   .         Stasis   .     (no ring)
MR     .....                    (no ring)
Stlth  +++.......               (no ring)
                                (no ring)
                                (no ring)
                                (no ring)

@: appendage (expiring), not resistant to hostile enchantments, fairly stealthy
A: almost no armour, amphibious, 8 rings, constrict 8, tentacle spike 3,
camouflage 1, gelatinous body 1
a: End Transformation, Evoke Berserk Rage


You were on level 2 of the Dungeon.
You were hungry.
One of your tentacles had a temporary spike.
You visited 1 branch of the dungeon, and saw 2 of its levels.

You collected 94 gold pieces.

Inventory:

Missiles
 a - 7 arrows
 j - 17 poisoned needles
Jewellery
 g - a cursed amulet of rage (around mantle)
 h - a ring of see invisible (left tentacle)
Scrolls
 k - a scroll of amnesia {unknown}
 n - a scroll of enchant armour {unknown}
 o - a scroll of fear {unknown}
Potions
 d - a potion of haste {unknown}
 e - 2 potions of brilliance {unknown}
 f - a potion of invisibility {unknown}
 i - 2 potions of curing {unknown}
 l - 2 potions of flight {unknown}
Books
 b - a book of Changes

   Spells                             Type                      Level
   a - Beastly Appendage              Transmutation                1
   b - Sticks to Snakes               Transmutation                2
   c - Spider Form                    Transmutation/Poison         3
   d - Ice Form                       Ice/Transmutation            4
   e - Blade Hands                    Transmutation                5
Comestibles
 c - 2 bread rations


   Skills:
 - Level 1.0 Fighting
 - Level 2.0 Dodging
 + Level 1.9 Stealth
 + Level 4.2 Unarmed Combat
 - Level 2.0 Spellcasting
 - Level 2.0 Transmutations


You had 3 spell levels left.
You knew the following spells:

 Your Spells              Type           Power        Failure   Level  Hunger
a - Beastly Appendage     Trmt           #.....       12%         1    #......
b - Sticks to Snakes      Trmt           #.........   14%         2    ###....


Dungeon Overview and Level Annotations

Branches:
Dungeon (2/15)

Altars:

Annotations:
D:2 Natasha


Innate Abilities, Weirdness & Mutations

You cannot wear most types of armour.
You are amphibious.
You can wear up to eight rings at the same time.
You can use your tentacles to constrict eight enemies at once.
Your skin changes colour to match your surroundings (Stealth).
Your rubbery body absorbs attacks (AC +1).
One of your tentacles bears a large vicious spike.


Message History

Your tentacle spike misses the hobgoblin.
You tentacle-slap the hobgoblin, but do no damage.
You squeeze the hobgoblin.
You kill the hobgoblin!
A worm comes into view.
Natasha casts a spell.
You have a terrible headache.
Natasha mumbles some strange words.
Natasha gestures.
Suddenly you are surrounded with a pale green light.
Your transformation is almost over.
The white imp shouts, "Remove thy stench, thou rough-hewn hell-hated slabber!"
A giant cockroach comes into view.
Natasha mumbles some strange words.
The white imp gestures at you. The puff of frost hits you!
* * * LOW HITPOINT WARNING * * *
There is a stone staircase leading down here.
The white imp gestures at you. The puff of frost hits you!
You die...

.......# ......
#.# wg.....#
##...##.#
.......#
#...#...#
.......# #####.
#..### .......#
......##.## .
.......#
###)..#####w...
#....5h.)h..5..
#.#..######....
#####. #.@.## .
......
......(###
....## ..####.
.#### #. .# .s
## .. #.. #..


You could see Natasha, a white imp and a giant cockroach (sleeping).

Vanquished Creatures
  An adder (D:2)
  2 giant geckos (D:1)
  4 bats (D:1)
  5 goblins
  4 hobgoblins
  5 giant newts (D:1)
  A kobold (D:1)
  6 rats
28 creatures vanquished.

Vanquished Creatures (collateral kills)
  An adder (D:2)
  A worm (D:2)
2 creatures vanquished.

Grand Total: 30 creatures vanquished

Notes
Turn   | Place    | Note
--------------------------------------------------------------
     0 | D:1      | Geeful the Octopode Transmuter began the quest for the Orb.
     0 | D:1      | Reached XP level 1. HP: 13/13 MP: 3/3
   454 | D:1      | Reached XP level 2. HP: 16/18 MP: 5/5
   722 | D:1      | Reached skill level 1 in Stealth
   898 | D:1      | Learned a level 2 spell: Sticks to Snakes
  1199 | D:2      | Reached XP level 3. HP: 2/23 MP: 2/6
  1580 | D:2      | Reached skill level 4 in Unarmed Combat
  1931 | D:2      | Noticed Natasha
  1939 | D:2      | Killed from afar by a white imp

Vault maps used:
D:1:      dpeg_arrival_three_bigger_balls, minivault_19
D:2:      patterned_corridor, uniq_natasha

Action                   || total
-------------------------++-------
Melee: Unarmed           ||    69
 Cast: Beastly Appendage ||     8
       Sticks to Snakes  ||     5
  Use: Scroll            ||     1
 Stab: Sleeping          ||     3
       Distracted        ||     1
  Eat: Chunk             ||     3
